 Dungeon Crawl Stone Soup version 0.32-a0-696-g5fa0bccb63 (webtiles) character file.

Game seed: 7005180283592739652

4624 Gargoyl the Cleaver (level 10, -17/96 HPs)
             Began as a Gargoyle Berserker on Mar 13, 2024.
             Was a Believer of Trog.
             Demolished by a death yak (21 damage)
             ... on level 1 of the Lair of Beasts.
             The game lasted 00:11:28 (6590 turns).

Gargoyl the Cleaver (Gargoyle Berserker)            Turns: 6590, Time: 00:11:28

Health: -17/96     AC: 20    Str: 27    XL:     10   Next: 42%
Magic:  10/10      EV: 12    Int:  8    God:    Trog [**....]
Gold:   241        SH:  0    Dex: 13    Spells: 9/9 levels left

rFire   . . .        p - +0 war axe
rCold   . . .        (no shield)
rNeg    + . .        r - +0 acid dragon scales
rPois   ∞            f - +0 helmet
rElec   +            (no cloak)
rCorr   +            (no gloves)
SInv    .            c - +0 pair of boots
Will    ++...        b - amulet of regeneration Stlth
                     e - +6 ring of strength
HPRegen 2.16/turn    (no ring)
MPRegen 0.12/turn

%: no passive effects
@: berserking (expiring), strong-willed (expiring), regenerating (expiring),
very quick
A: sickness immunity, AC +7, negative energy resistance 1, electricity
resistance, torment resistance 1, petrification resistance, iridescent scales 1,
camouflage 1, MP-powered wands
a: Renounce Religion, Berserk, Trog's Hand


You were on level 1 of the Lair of Beasts.
You worshipped Trog.
Trog was pleased with you.
You visited 2 branches of the dungeon, and saw 10 of its levels.

You collected 241 gold pieces.

Inventory:

Hand Weapons
 a - a +0 hand axe
 d - a +0 whip of venom
 l - a +2 heavy flail
 p - a +0 war axe (weapon)
Missiles
 g - 8 poisoned darts (quivered)
Armour
 c - a +0 pair of boots (worn)
 f - a +0 helmet (worn)
 r - +0 acid dragon scales (worn)
Jewellery
 b - an amulet of regeneration (around neck)
 e - a +6 ring of strength (left hand)
Wands
 o - a wand of polymorph (13)
 q - a wand of flame (9)
Scrolls
 h - a scroll of fog
 j - 3 scrolls of identify
 t - a scroll of enchant weapon {unknown}
Potions
 i - 2 potions of enlightenment
 k - 2 potions of cancellation
 m - a potion of heal wounds
 n - 2 potions of curing
 s - a potion of degeneration {unknown}


   Skills:
 + Level 7.9 Fighting
 + Level 9.6(9.8) Axes
 + Level 3.3(7.4) Maces & Flails
 + Level 7.9 Armour
 + Level 3.9 Dodging
 + Level 1.2 Stealth


You had 9 spell levels left.
You didn't know any spells.
Your spell library was empty.

Dungeon Overview and Level Annotations

Branches:
Dungeon (9/15)             Temple (0/1) D:4            Lair (1/5) D:8
    Orc: D:9-12

Altars:
Cheibriados
Fedhas
Hepliaklqana
Sif Muna
Vehumet
Xom
The Shining One

Shops:
D:4 *   D:5 *(


Innate Abilities, Weirdness & Mutations

You are immune to sickness and miasma.
Your stone body is resilient. (AC +7)
You are immune to poison.
You resist negative energy. (rN+)
You are resistant to electric shocks. (rElec)
You are resistant to unholy torment.
You are immune to petrification.
You are partially covered in iridescent scales. (AC +2)
Your skin changes colour to match your surroundings (Stealth+).
You expend magic power (3 MP) to strengthen your wands.


Message History

You slash the death yak!
The death yak is severely wounded.
You barely miss the death yak. You hit the death yak.
You barely miss the death yak. The death yak gores you. x2
The death yak gores you but does no damage.
The death yak gores you!
* * * LOW HITPOINT WARNING * * *
You slash the death yak!
The death yak is severely wounded.
You hit the death yak but do no damage. You barely miss the death yak.
You hit the death yak but do no damage.
Unknown command.
You slash the death yak!
The death yak is almost dead.
You hit the death yak. x2; You slash the death yak!
The death yak barely misses you. The death yak gores you!
* * * LOW HITPOINT WARNING * * *
The death yak gores you but does no damage. x2
Unknown command.
You barely miss the death yak.
The death yak is almost dead.
You slash the death yak! You barely miss the death yak. You hit the death yak.
You kill the death yak!
Trog accepts your kill.
You feel the effects of Trog's Hand fading.
The death yak barely misses you. The death yak gores you!
* * * LOW HITPOINT WARNING * * *
The death yak gores you but does no damage.
Your Axes skill increases to level 9!
Your Stealth skill increases to level 1!
You slice the death yak!!
You kill the death yak!
Trog accepts your kill.
You slash the death yak! You hit the death yak but do no damage.
Unknown command.
You barely miss the death yak.
The death yak is heavily wounded.
You barely miss the death yak. The death yak barely misses you.
The death yak gores you!!
You die...

#.......##
#........##
##.........#
...........##
............#
#.........#
#......Y..#
#..>..@Y..#
###.........#
...........##
#.#P......##
...........##
............##
.......<.....#
............##
...........##


You could see 2 death yaks.

Vanquished Creatures
  2 death yaks (Lair:1)
  Pikel (D:7)
  Joseph (D:7)
  A steam dragon (D:7)
  Edmund (D:4)
  An acid dragon (D:8)
  A water moccasin (D:8)
  An orc warrior (D:8)
  2 ice beasts
  A sky beast (D:7)
  A black bear (D:5)
  2 ogres
  A centaur (D:6)
  4 lemures (D:7)
  2 bullfrogs
  2 kobold brigands (D:8)
  2 scorpions
  7 wights
  A howler monkey (D:5)
  3 bombardier beetles
  4 hounds
  An orc priest (D:7)
  A jelly (D:7)
  An iguana (D:5)
  9 orc wizards
  Terence (D:2)
  Robin (D:3)
  6 adders
  A white imp (D:5)
  2 ribbon worms (D:3)
  25 orcs
  8 ball pythons
  3 endoplasms
  3 giant cockroaches
  13 goblins
  18 hobgoblins
  6 jackals
  3 quokkas
  6 bats
  2 frilled lizards
  20 kobolds
  6 rats
177 creatures vanquished.

Notes
Turn   | Place    | Note
-------+----------+-------------------------------------------
     0 | D:1      | Gargoyl the Gargoyle Berserker began the quest for the Orb.
     0 | D:1      | Reached XP level 1. HP: 14/14 MP: 1/1
   230 | D:1      | Reached XP level 2. HP: 19/19 MP: 2/2
   886 | D:2      | Noticed Terence
   893 | D:2      | Reached skill level 3 in Axes
   893 | D:2      | Reached XP level 3. HP: 24/24 MP: 3/3
   901 | D:2      | Killed Terence
  1195 | D:2      | Reached ** piety under Trog
  1460 | D:3      | Reached XP level 4. HP: 28/29 MP: 4/4
  1498 | D:2      | Gained mutation: You have hidden genetic potential. [potion
                  | of mutation]
  1498 | D:2      | Gained mutation: You are partially covered in iridescent
                  | scales. (AC +2) [potion of mutation]
  1503 | D:2      | Reached skill level 1 in Maces & Flails
  1737 | D:3      | Reached XP level 5. HP: 12/33 MP: 5/5
  1754 | D:3      | Gained mutation: Your skin changes colour to match your
                  | surroundings (Stealth+). [hidden potential]
  1879 | D:3      | Noticed Robin
  1907 | D:3      | Killed Robin
  2073 | D:3      | Found a shimmering altar of Xom.
  2313 | D:3      | Found a hazy altar of Hepliaklqana.
  2413 | D:4      | Reached XP level 6. HP: 28/38 MP: 6/6
  2762 | D:4      | Gained mutation: You expend magic power (3 MP) to
                  | strengthen your wands. [hidden potential]
  2762 | D:4      | Lost mutation: You have hidden genetic potential. [hidden
                  | potential expressed]
  2763 | D:4      | Found a staircase to the Ecumenical Temple.
  3052 | D:4      | Noticed Edmund
  3080 | D:4      | Killed Edmund
  3081 | D:4      | Reached XP level 7. HP: 44/44 MP: 7/7
  3105 | D:4      | Found Zareo's General Store.
  3293 | D:5      | Entered Level 5 of the Dungeon
  3293 | D:5      | Found Fam Lew's Weapon Boutique.
  3397 | D:5      | Found Lyogy's CLEARANCE SALE!.
  3411 | D:5      | Reached *** piety under Trog
  3461 | D:5      | Reached skill level 5 in Fighting
  3461 | D:5      | Reached skill level 4 in Axes
  3461 | D:5      | Reached skill level 5 in Armour
  3553 | D:5      | Found a blossoming altar of Fedhas.
  3568 | D:5      | Reached XP level 8. HP: 49/49 MP: 8/8
  3867 | D:5      | Found a shimmering blue altar of Sif Muna.
  4049 | D:5      | Found a snail-covered altar of Cheibriados.
  4195 | D:6      | Reached skill level 5 in Axes
  4774 | D:6      | Reached skill level 6 in Axes
  4991 | D:6      | You fall into a shaft and drop 3 floors!
  5058 | D:8      | Found a staircase to the Lair.
  5131 | D:8      | Found a glowing golden altar of the Shining One.
  5177 | D:8      | Reached XP level 9. HP: 56/56 MP: 9/9
  5201 | D:8      | Reached skill level 7 in Axes
  5312 | D:7      | Noticed Joseph
  5995 | D:7      | Killed Joseph
  5996 | D:7      | Reached skill level 8 in Axes
  6071 | D:7      | Noticed Pikel
  6119 | D:7      | Killed Pikel
  6120 | D:7      | Reached XP level 10. HP: 55/63 MP: 10/10
  6496 | D:7      | Found a radiant altar of Vehumet.
  6567 | Lair:1   | Entered Level 1 of the Lair of Beasts
  6569 | Lair:1   | Noticed a death yak
  6571 | Lair:1   | Noticed a death yak
  6571 | Lair:1   | Noticed a death yak
  6571 | Lair:1   | Noticed a death yak
  6588 | Lair:1   | Killed a death yak
  6588 | Lair:1   | HP: 1/94 [death yak (7)]
  6589 | Lair:1   | Reached skill level 9 in Axes
  6589 | Lair:1   | Reached skill level 1 in Stealth
  6589 | Lair:1   | Killed a death yak
  6590 | Lair:1   | Demolished by a death yak

Illustrated notes

Levels and vault maps discovered:
D:1:      wander_arrival_lonely_grave, layout_loops_ring
D:2:      layout_rooms, small_statue_intersection,
          nicolae_twisty_statue_hallways, uniq_terence
D:3:      layout_basic, mainiacjoe_overflow_cross_hatched,
          nicolae_hepliaklqana_hippocampus, uniq_robin
D:4:      layout_basic, minmay_temple_entry_waves, serial_shops,
          nicolae_shop_pleasant_corner_grove, sigmund_army, uniq_edmund
D:5:      layout_rooms, lemuel_coloured_pillars_altar, fedhas_altar_2,
          marbit_many_paths, serial_shops, shop, serial_co_window_serial,
          co_window_cross_1, co_window_cross_1, co_window_paths_a,
          co_window_paths_b, co_window_paths_a, co_window_paths_a,
          co_window_broadway_b, co_window_broadway_c, co_window_cross_3,
          co_window_unsneaky_path_a, glass_columns_a, glass_columns_a,
          glass_columns_b, nicolae_shop_clearance
D:6:      layout_cave_pods, nicolae_overflow_crystal_walls, serial_shops, shop,
          minmay_puff
D:7:      layout_rooms, mainiacjoe_overflow_brackets, enter_bailey_5,
          uniq_pikel, uniq_joseph
D:8:      layout_basic, tso_altar, lair_entry_dummy
D:9:      layout_gridville, uniq_psyche, uniq_erica, uniq_harold
Lair:1:   layout_gridlike, nicolae_lair_run_with_the_wolves, lemuel_fruit_fields

Skill      XL: |  1  2  3  4  5  6  7  8  9 10 |
---------------+-------------------------------+-----
Dodging        | 2 3 |  3.9
Axes           | 3 4 6 8 9 |  9.6
Maces & Flails | 1 2 3 |  3.3
Armour         | 3 4 5 6 7 |  7.9
Fighting       | 4 5 6 7 |  7.9
Stealth        | 1 |  1.2

Action                     |  1- 3 |  4- 6 |  7- 9 | 10-12 || total
---------------------------+-------+-------+-------+-------++-------
  Melee: Whip              |   109 |   129 |       |       ||   238
         Hand axe          |     1 |    79 |   207 |       ||   287
         War axe           |       |       |   146 |    30 ||   176
 Invoke: Berserk           |     2 |     7 |    13 |     1 ||    23
         Trog's Hand       |       |     4 |     5 |     1 ||    10
    Use: Scroll            |     3 |     5 |     3 |       ||    11
         Potion            |       |     1 |       |       ||     1
 Armour: Chain mail        |    54 |       |   124 |       ||   178
         Animal skin       |     4 |       |       |       ||     4
         Plate armour      |    64 |   301 |   202 |       ||   567
         Acid dragon scale |       |       |    69 |    40 ||   109
  Dodge: Dodged            |    38 |    91 |   139 |    27 ||   295

Table legend: (Time is in decaauts)
 A = Elapsed time spent in this place.
 B = Non-inter-level travel time spent in this place.
 C = Inter-level travel time spent in this place.
 D = Time resting spent in this place.
 E = Time spent auto-exploring this place.
 F = Levels seen in this place.
 G = Mean time per level.
                   A        B        C        D        E       F      G
               +--------+--------+--------+--------+--------+-----+--------+
         Total |   6813 |   6624 |    189 |   1541 |   3253 |  10 |  681.3 |
       Dungeon |   6795 |   6607 |    188 |   1541 |   3252 |   9 |  755.0 |
          Lair |     18 |     18 |      0 |      0 |      1 |   1 |   18.0 |
               +--------+--------+--------+--------+--------+-----+--------+

Top non-repeatable levels by time:
     D:8: 996 daAuts
     D:4: 973 daAuts
     D:5: 931 daAuts
     D:2: 882 daAuts
     D:6: 827 daAuts
     D:1: 806 daAuts
     D:3: 713 daAuts
     D:7: 636 daAuts
     D:9: 26 daAuts
  Lair:1: 18 daAuts
